 Dungeon Crawl Stone Soup version 0.14-a0-30-gf0b6e91 (webtiles) character file.

226 Sachiko the Skirmisher (level 4, -3/32 HPs)
             Began as a Demonspawn Wanderer on Sept 26, 2013.
             Slain by Sachiko's ghost (11 damage)
             ... on Level 3 of the Dungeon.
             The game lasted 00:09:25 (1817 turns).

Sachiko the Skirmisher (Demonspawn Wanderer)        Turns: 1817, Time: 00:09:26

HP  -3/32        AC  5     Str 19      XL: 4   Next: 66%
MP   4/4         EV 10     Int 12      God:
Gold 112         SH  0     Dex 13      Spells:  0 memorised,  3 levels left

Res.Fire  : + . .   See Invis. : .   c - +0,-1 mace
Res.Cold  : . . .   Warding    : .   b - +0 ring mail
Life Prot.: . . .   Conserve   : .   (no shield)
Res.Poison: .       Res.Corr.  : .   (no helmet)
Res.Elec. : .       Clarity    : .   (no cloak)
Sust.Abil.: . .     Spirit.Shd : .   (no gloves)
Res.Mut.  : .       Stasis     : .   (no boots)
Res.Rott. : .       Flight     : .   (no amulet)
Saprovore : . . .                    (no ring)
                                     j - ring of protection from fire {unknown}

@: mighty, constricted, slightly resistant to hostile enchantments, very
unstealthy
A: hooves 1, powered by death 1, powered by pain 1
a: no special abilities


You were on level 3 of the Dungeon.
You were not hungry.

You visited 1 branch of the dungeon, and saw 3 of its levels.

You collected 62 gold pieces.

Inventory:

Hand weapons
 c - a +0,-1 mace (weapon)
 d - a +0,+0 dagger
Armour
 b - a +0 ring mail (worn)
 h - a +0 pair of boots
Comestibles
 f - 4 bread rations
 g - a choko
 i - a chunk of giant gecko flesh
 l - a chunk of bat flesh
 n - 2 meat rations
Scrolls
 a - 3 scrolls of fear
 m - a scroll of remove curse
Jewellery
 e - an uncursed ring of fire
 j - a ring of protection from fire (left hand) {unknown}
Potions
 k - 2 potions of speed
 o - a potion of brilliance
 p - a potion of curing


   Skills:
 + Level 3.9 Fighting
 - Level 1.0 Short Blades
 + Level 2.9 Maces & Flails
 + Level 3.0 Armour
 - Level 1.7 Stealth


You had 3 spell levels left.
You didn't know any spells.

Dungeon Overview and Level Annotations

Branches:
Dungeon (3/27)

Altars:

Annotations:
D:3 Sachiko's ghost, average HOMo


Innate Abilities, Weirdness & Mutations

You have large cloven feet.
You can steal the life force of nearby defeated enemies.
You sometimes gain a little power by taking damage.


Message History

Sachiko's ghost hits you.
You hit Sachiko's ghost but do no damage.
Your kick misses Sachiko's ghost.
Sachiko's ghost is moderately damaged.
Sachiko's ghost hits you but does no damage.
The ball python bites you but does no damage.
The ball python grabs you. The ball python constricts you.
You closely miss Sachiko's ghost. You kick Sachiko's ghost.
Sachiko's ghost is moderately damaged.
The ball python bites you but does no damage.
The ball python constricts you. Sachiko's ghost hits you!
* * * LOW HITPOINT WARNING * * *
You focus on the pain.
You feel very mighty all of a sudden.
The ball python bites you but does no damage.
* * * LOW HITPOINT WARNING * * *
The ball python constricts you.
Sachiko's ghost ripples.
Sachiko's ghost hits you!
You die...

... . #. ...... ...#####.
....... .........
.......# #........
........# #..####..
........# #..# #..
........### #..# #..
....>..Sp..######..####..
........@............##..
.........###....###..##..
.....$..#...#..#...#.....
.......#.⌠.#..#.⌠.#.##..
####.#.#...#≈≈#...#.##.#
#.#.≈###≈≈≈≈###≈.##.# #
#.. ≈≈≈≈≈≈ ≈..##.# #..
≈≈≈≈≈≈≈≈≈..##.# #.≈
##≈≈≈≈###≈.##.#


You could see Sachiko's ghost and a ball python.

Vanquished Creatures
  A jelly (D:3)
  2 adders
  3 giant geckos
  An ooze (D:1)
  An orc (D:3)
  3 giant cockroaches
  9 hobgoblins
  2 quokkas (D:3)
  6 bats
  2 giant newts (D:1)
  11 goblins
  5 kobolds
  15 rats
61 creatures vanquished.

Notes
Turn   | Place    | Note
--------------------------------------------------------------
     0 | D:1      | Sachiko, the Demonspawn Wanderer, began the quest for the Orb.
     0 | D:1      | Reached XP level 1. HP: 14/14 MP: 1/1
   490 | D:1      | Gained mutation: You have large cloven feet. [demonic ancestry]
   490 | D:1      | Reached XP level 2. HP: 4/20 MP: 2/2
   978 | D:1      | Gained mutation: You sometimes gain a little power by taking damage. [demonic ancestry]
   978 | D:1      | Reached XP level 3. HP: 22/26 MP: 3/3
  1694 | D:3      | Gained mutation: You can steal the life force of nearby defeated enemies. [demonic ancestry]
  1694 | D:3      | Reached XP level 4. HP: 32/32 MP: 4/4
  1810 | D:3      | Noticed Sachiko's ghost (average HOMo)
  1817 | D:3      | Slain by Sachiko's ghost

Action                   |  1- 3 |  4- 6 || total
-------------------------+-------+-------++-------
Melee: Mace              |   149 |    28 ||   177
  Use: Scroll            |     8 |     1 ||     9
       Potion            |     4 |       ||     4
